 Dungeon Crawl Stone Soup version 0.28-b1-70-g80dc712255 (webtiles) character file.

Game seed: 2667538972185950325

1565 growler the Zephyrmancer (level 8, -3/41 HPs)
             Began as a Tengu Air Elementalist on Feb 3, 2022.
             Slain by a vampire mosquito (8 damage)
             ... on level 4 of the Dungeon.
             The game lasted 00:13:52 (5422 turns).

growler the Zephyrmancer (Tengu Air Elementalist)   Turns: 5422, Time: 00:13:53

Health: -3/41      AC:  4    Str:  9    XL:     8   Next: 89%
Magic:  0/16       EV: 14    Int: 18    God:
Gold:   210        SH:  0    Dex: 14    Spells: 7/17 levels left

rFire   . . .      SeeInvis .   k - +2 whip (venom)
rCold   . . .      Faith    .   (no shield)
rNeg    . . .      Spirit   .   b - +0 troll leather armour
rPois   .          Reflect  .   (helmet restricted)
rElec   .          Harm     .   (no cloak)
rCorr   .          Rampage  .   (no gloves)
Will    .....                   (boots unavailable)
Stlth   ++........              (no amulet)
HPRegen 0.93/turn               (no ring)
MPRegen 0.15/turn               (no ring)

@: flying quickly and evasively, quick
A: beak, talons 3, nimble flight
a: no special abilities


You were on level 4 of the Dungeon.
You visited 1 branch of the dungeon, and saw 5 of its levels.
You also visited: Sewer.

You collected 210 gold pieces.

Inventory:

Hand Weapons
 k - a +2 whip of venom (weapon)
   (You took it off a gnoll on level 2 of the Dungeon)
Armour
 a - a +0 robe
 b - a +0 troll leather armour (worn)
   (You found it on level 1 of the Dungeon)
Wands
 v - a wand of digging (6)
   (You found it on level 3 of the Dungeon)
 w - a wand of polymorph (11)
   (You took it off an orc on level 4 of the Dungeon)
Scrolls
 c - 2 scrolls of brand weapon {unknown}
 d - a scroll of fog {unknown}
 e - 6 scrolls of identify {unknown}
 f - a scroll of holy word {unknown}
 g - a scroll of amnesia {unknown}
 j - a scroll of teleportation {unknown}
 l - a scroll of noise {unknown}
 p - a scroll of silence {unknown}
 x - a scroll of vulnerability {unknown}
 y - a scroll of immolation {unknown}
Potions
 h - a potion of attraction {unknown}
 i - a potion of invisibility {unknown}
 m - 2 potions of flight {unknown}
 n - a potion of ambrosia {unknown}
 o - 2 potions of degeneration {unknown}
 q - 2 potions of mutation {unknown}
 r - a potion of cancellation {unknown}
 s - 2 potions of heal wounds {unknown}
 t - a potion of magic {unknown}
 u - a potion of resistance {unknown}
 z - a potion of lignification {unknown}


   Skills:
 + Level 0.0 Fighting
 + Level 2.1 Dodging
 - Level 2.0 Stealth
 - Level 5.0 Spellcasting
 - Level 9.0 Conjurations
 + Level 9.7 Air Magic


You had 7 spell levels left.
You knew the following spells:

 Your Spells              Type           Power      Damage    Failure   Level
a - Shock                 Conj/Air       100%       1d9       1%          1
b - Airstrike             Air            19%        N/A       3%          4
d - Static Discharge      Conj/Air       38%        N/A       1%          2
s - Swiftness             Air            39%        N/A       1%          3

Your spell library contained the following spells:

 Spells                   Type           Power      Damage    Failure   Level
 Sticky Flame             Conj/Fire      20%        2d4       28%         4
 Frozen Ramparts          Ice            8%         1d2       50%         3
 Dispel Undead            Necr           4%         3d7       88%         4
 Metabolic Englaciation   Hex/Ice        2%         N/A       99%         5
 Polar Vortex             Ice            2%         N/A       100%        9


Dungeon Overview and Level Annotations

Branches:
Dungeon (5/15)              Sewer (visited)
 Temple: D:4-7

Altars:
Makhleb
Qazlal

Shops:
D:2 !


Innate Abilities, Weirdness & Mutations

You have a beak for a mouth.
You have claws for feet.
Your magical nature lets you fly swiftly and evasively.


Message History

A vampire mosquito comes into view.
The vampire mosquito buzzes angrily.
The gnoll completely misses you. The gnoll barely misses you.
The vampire mosquito closely misses you.
The vampire mosquito bites you.
The vampire mosquito draws strength from your injuries!
The vampire mosquito closely misses you.
The vampire mosquito barely misses you.
The vampire mosquito closely misses you.
The vampire mosquito bites you!
The vampire mosquito draws strength from your injuries!
The vampire mosquito bites you.
The vampire mosquito draws strength from your injuries!
The vampire mosquito bites you but does no damage.
The vampire mosquito barely misses you.
There is a stone staircase leading up here.
The vampire mosquito completely misses you.
The vampire mosquito closely misses you.
You fly upwards.
There is a stone staircase leading down here.
You barely miss the vampire mosquito.
The vampire mosquito closely misses you.
The vampire mosquito bites you!
* * * LOW HITPOINT WARNING * * *
The vampire mosquito draws strength from your injuries!
You hit the vampire mosquito. You claw the vampire mosquito.
You peck the vampire mosquito.
The vampire mosquito completely misses you.
The vampire mosquito closely misses you.
You closely miss the vampire mosquito. Your peck misses the vampire mosquito.
The vampire mosquito barely misses you. The vampire mosquito bites you.
* * * LOW HITPOINT WARNING * * *
The vampire mosquito draws strength from your injuries!
The vampire mosquito is struck by an arc of lightning.
The lightning grounds out.
The vampire mosquito completely misses you.
The vampire mosquito bites you.
* * * LOW HITPOINT WARNING * * *
The vampire mosquito draws strength from your injuries!
The vampire mosquito is struck by an arc of lightning.
You are struck by an arc of lightning.
* * * LOW HITPOINT WARNING * * *
The vampire mosquito is struck by an arc of lightning.
The lightning grounds out.
The vampire mosquito barely misses you. The vampire mosquito bites you!
* * * LOW HITPOINT WARNING * * *
The vampire mosquito draws strength from your injuries!
The vampire mosquito bites you!
You die...

#.........##............###.....
#............<.........## #.....
#......................# #.....
##........<...>.###.....####.....
#..###.......#.###.........#.....
#.##.##.........##.....###.......
..#...#..........#...............
####'####................).#.....
#.#..)#)##......@...#..###..#####
..'..)().'......y..###.####.....#
#.#...#.##......>................
####'####............##.##...##..
..#...#..........###.##..........
..##.##...#.....## #.............
...###..####...## ######........
#......## #.#.# ##......#
#.###### #.#.# #...##..


You could see a vampire mosquito.

Vanquished Creatures
  Pikel (D:4)
  Grinder (D:3)
  A sky beast (D:5)
  2 necrophages
  An ogre (D:4)
  A lemure (D:3)
  2 kobold brigands (Sewer)
  A wyvern zombie (D:5)
  An orc priest (D:4)
  A hound (D:5)
  2 iron imps (D:3)
  An iguana (D:5)
  A hound skeleton (D:5)
  5 adders
  6 gnolls
  A worm (D:3)
  3 dart slugs
  6 orcs (D:4)
  4 bats
  10 endoplasms
  9 giant cockroaches
  11 goblins
  8 hobgoblins
  3 jackals
  15 kobolds
  6 quokkas
  8 ball pythons
  2 frilled lizards
  9 rats
122 creatures vanquished.

Vanquished Creatures (others)
  3 plants (Sewer)
3 creatures vanquished.

Grand Total: 125 creatures vanquished

Notes
Turn   | Place    | Note
-------+----------+-------------------------------------------
     0 | D:1      | growler the Tengu Air Elementalist began the quest for the
                  | Orb.
     0 | D:1      | Reached XP level 1. HP: 10/10 MP: 4/4
   246 | D:1      | Reached XP level 2. HP: 15/15 MP: 4/6
   608 | D:1      | Learned a level 2 spell: Static Discharge
   802 | D:1      | Reached XP level 3. HP: 19/19 MP: 4/7
  1109 | D:1      | Learned a level 3 spell: Swiftness
  1288 | D:2      | Got the Collected Works on Cold
  1592 | D:2      | Reached XP level 4. HP: 24/24 MP: 4/9
  1650 | D:2      | Reached skill level 5 in Air Magic
  2005 | D:2      | Found Wimelauk's Distillery.
  2029 | D:2      | Found a faded altar of an unknown god.
  2287 | D:3      | Noticed Grinder
  2354 | D:3      | Gained mutation: Your magical nature lets you fly swiftly
                  | and evasively. [Tengu growth]
  2354 | D:3      | Reached XP level 5. HP: 28/28 MP: 10/10
  2403 | D:3      | Learned a level 4 spell: Airstrike
  2403 | D:3      | Found a stormy altar of Qazlal.
  2674 | D:3      | Paralysed by Grinder for 5 turns
  2680 | D:3      | Killed Grinder
  2681 | D:3      | Reached XP level 6. HP: 13/32 MP: 0/12
  2819 | D:3      | Found a burning altar of Makhleb.
  3135 | D:3      | Reached skill level 5 in Conjurations
  3537 | D:4      | Noticed Pikel
  3558 | D:4      | Noticed a necrophage
  3578 | D:3      | Killed a necrophage
  3579 | D:3      | Reached XP level 7. HP: 36/36 MP: 2/14
  3817 | D:4      | Found a glowing drain.
  3856 | Sewer    | Entered a sewer
  4816 | D:4      | Killed Pikel
  4817 | D:4      | Reached skill level 5 in Spellcasting
  4817 | D:4      | Reached XP level 8. HP: 41/41 MP: 0/16
  5043 | D:5      | Entered Level 5 of the Dungeon
  5422 | D:4      | Slain by a vampire mosquito

Illustrated notes

Levels and vault maps discovered:
D:1:      ncdulo_lavacross, layout_basic, minmay_octomino_c4
D:2:      layout_rooms, serial_shops, nicolae_shop_trees,
          shapermc_ecumenical_altar_venn
D:3:      layout_rooms, demons_altar, nicolae_qazlal_scattered_showers,
          chequers_serial_rivers_room_b, nicolae_concentric_dashed_squares_wild,
          nrook_campfire, serial_bayou_lagoon_a, minmay_misc_feat_rugged,
          uniq_grinder
D:4:      cheibrodos_greedy_goblins, layout_rooms, portal_sewer_entry_f,
          uniq_pikel
D:5:      layout_basic, mainiacjoe_overflow_alcove_3,
          mainiacjoe_overflow_catwalk, minitemple, st_stairs_5,
          item_on_display_b

Skill      XL: |  1  2  3  4  5  6  7  8 |
---------------+-------------------------+-----
Conjurations   | 2 3 4 5 8 9 |  9.0
Air Magic      | 5 6 8 9 |  9.7
Spellcasting   | 3 4 5 |  5.0
Dodging        | |  2.1
Stealth        | |  2.0

Action                   |  1- 3 |  4- 6 |  7- 9 || total
-------------------------+-------+-------+-------++-------
Melee: Dagger            |    22 |     5 |       ||    27
       Kick              |     9 |     3 |    10 ||    22
       Unarmed           |     1 |       |       ||     1
       Peck              |     1 |     2 |     4 ||     7
       Whip              |       |    12 |    27 ||    39
 Cast: Shock             |    78 |    37 |    69 ||   184
       Static Discharge  |       |     7 |    15 ||    22
       Airstrike         |       |     7 |    17 ||    24
 Stab: Sleeping          |     1 |       |       ||     1
Armor: Troll leather arm |     9 |     8 |     7 ||    24
Dodge: Dodged            |     8 |    13 |    47 ||    68
